 Dungeon Crawl Stone Soup version 0.27.1-3-gb3d3a73c9e (webtiles) character file.

Game seed: 17901606478719814692

2856 Crownlay the Fighter (level 9, -9/77 (78) HPs)
             Began as a Gnoll Wanderer on Oct 17, 2021.
             Was a Priest of Trog.
             Mangled by a death knight (18 damage)
             ... on level 6 of the Dungeon.
             The game lasted 00:08:32 (5950 turns).

Crownlay the Fighter (Gnoll Wanderer)               Turns: 5950, Time: 00:08:33

HP:   -9/77 (78)    AC: 18    Str: 14    XL:     9   Next: 75%
MP:   15/15         EV: 12    Int: 12    God:    Trog [***...]
Gold: 287           SH:  5    Dex: 12    Spells: 17/17 levels left

rFire    . . .     SeeInvis .   n - +1 scythe (venom)
rCold    . . .     Faith    .   (shield currently unavailable)
rNeg     . . .     Spirit   .   i - +4 ring mail
rPois    .         Reflect  +   l - +0 helmet
rElec    .         Harm     .   u - +0 cloak
rCorr    .         Rampage  .   (no gloves)
Will     ++...                  h - +0 pair of boots
Stlth    ++........             r - amulet of reflection
HPRegen  1.22/turn              c - +4 ring of protection
MPRegen  0.14/turn              (no ring)

@: about to teleport, strong-willed, regenerating, lightly drained
A: fangs 1, strong nose, distributed training
a: Renounce Religion, Berserk, Trog's Hand


You were on level 6 of the Dungeon.
You worshipped Trog.
Trog was most pleased with you.
You visited 1 branch of the dungeon, and saw 6 of its levels.

You collected 287 gold pieces.

Inventory:

Hand Weapons
 a - a +2 hand crossbow
 n - a +1 scythe of venom (weapon)
Missiles
 b - 28 bolts
Armour
 h - a +0 pair of boots (worn)
 i - a +4 ring mail (worn)
 l - a +0 helmet (worn)
 u - a +0 cloak (worn)
Jewellery
 c - a +4 ring of protection (left hand)
 r - an amulet of reflection (around neck)
 w - a ring of protection from cold
Scrolls
 d - 3 scrolls of teleportation
 g - 2 scrolls of vulnerability
 m - a scroll of immolation {unknown}
 s - 2 scrolls of amnesia {unknown}
 v - 2 scrolls of identify {unknown}
 x - a scroll of blinking {unknown}
Potions
 e - a potion of berserk rage {unknown}
 f - 3 potions of attraction {unknown}
 j - 2 potions of flight {unknown}
 k - 2 potions of curing {unknown}
 o - 2 potions of degeneration {unknown}
 p - 3 potions of haste {unknown}
 q - 2 potions of magic {unknown}
 t - 2 potions of might {unknown}


   Skills:
 + Level 9.7 Fighting
 + Level 4.5 Short Blades
 + Level 4.5 Long Blades
 + Level 4.5 Axes
 + Level 4.5 Maces & Flails
 + Level 4.5 Polearms
 + Level 4.5 Staves
 + Level 4.5 Slings
 + Level 4.5 Bows
 + Level 5.3 Crossbows
 + Level 5.3 Throwing
 + Level 8.0 Armour
 + Level 4.5 Dodging
 + Level 5.2 Stealth
 + Level 4.5 Shields
 + Level 4.5 Unarmed Combat
 + Level 4.5 Spellcasting
 + Level 3.7 Conjurations
 + Level 3.7 Hexes
 + Level 3.7 Summonings
 + Level 3.7 Necromancy
 + Level 3.7 Translocations
 + Level 3.7 Transmutations
 + Level 3.7 Fire Magic
 + Level 3.7 Ice Magic
 + Level 3.7 Air Magic
 + Level 3.7 Earth Magic
 + Level 3.7 Poison Magic
 + Level 5.0 Invocations
 + Level 4.5 Evocations


You had 17 spell levels left.
You didn't know any spells.
Your spell library was empty.

Dungeon Overview and Level Annotations

Branches:
Dungeon (6/15)             Temple (0/1) D:5

Altars:
Ashenzari
Makhleb
Trog

Shops:
D:1 (   D:2 [

Annotations:
D:4 2 transporters, loralnil's ghost, amateur DrEE


Innate Abilities, Weirdness & Mutations

You have very sharp teeth.
Your uncanny sense of smell can sniff out nearby items.
Your experience applies equally to all skills.


Message History

You see here a +0 club.
Things that are here:
a +0 dagger; a +0 robe Reach: n) +1 scythe (venom)
Press: ? - help, Dir - move target, f - you That would be overly suicidal.
Okay, then.
You see here a +0 club.
A death knight is nearby!
The death knight offers itself to Yredelemnul, and fills with unholy energy.
You reach to attack!
You closely miss the death knight.
A jelly comes into view.
You closely miss the death knight.
The death knight hits you but does no damage.
The death knight hits you with a +1 battleaxe!!
You hit the death knight but do no damage.
The death knight hits you but does no damage.
You block the death knight's attack.
You closely miss the death knight.
The death knight's dark mirror aura disappears.
The death knight hits you with a +1 battleaxe!
You block the death knight's attack.
You barely miss the death knight.
The death knight calls down the wrath of Yredelemnul upon you.
Your body is wracked with pain!
* * * LOW HITPOINT WARNING * * *
The death knight invokes the aid of Yredelemnul against you.
Your body is wracked with pain!
* * * LOW HITPOINT WARNING * * *
Okay, then.
Your skin crawls.
You feel strong-willed.
The death knight hits you with a +1 battleaxe!
* * * LOW HITPOINT WARNING * * *
Okay, then.
Okay, then.
As you read the scroll of teleportation, it crumbles to dust.
You feel strangely unstable.
The death knight hits you with a +1 battleaxe!!
You die...

......#.# #.# #.#.#.#
....#...####'# #...#.##
....#.#.#....# #######.#.#..#
###...#.#.88.###....##.#.##.#####
####.)..#.88.#..####.#...##......
..###...#.)..'..# #.##...#.###.#
....)...######### #.###.##.###.#
...###.>####..Jp####.# #..#.###.#
..## ##..##.####@)).## ##.......#
..# #...#.# ################.#
.## ##..#J# #O.#..# #.#....# .#
####.# #.(##.###.#....# .# ##.
.####...#...##.. .# .. .
###.#.#.###. .#
##############...#..##. .#
##..<..#.....##...##...# .#
##.........."......####..


You could see a death knight and a jelly.

Vanquished Creatures
  Sigmund (D:2)
  Eustachio (D:6)
  Menkaure (D:5)
  Duvessa (D:5)
  A water moccasin (D:6)
  A hornet zombie (D:6)
  An orc warrior (D:6)
  A sky beast (D:5)
  A black bear (D:5)
  3 ogres (D:5)
  3 necrophages
  A centaur (D:6)
  2 phantoms (D:6)
  A bullfrog (D:6)
  3 scorpions
  Dowan (D:5)
  5 wights (D:6)
  A bullfrog zombie (D:6)
  A centaur zombie (D:5)
  3 hounds (D:5)
  Crazy Yiuf (D:5)
  An orc priest (D:6)
  A centaur skeleton (D:5)
  2 iguanas (D:5)
  6 orc wizards
  9 adders
  4 gnolls (D:4)
  2 white imps (D:6)
  2 dart slugs
  12 orcs
  8 ball pythons
  3 endoplasms
  A giant cockroach (D:3)
  8 goblins
  12 hobgoblins
  2 jackals (D:2)
  A quokka (D:1)
  3 bats
  3 frilled lizards (D:1)
  5 kobolds
  A rat (D:3)
120 creatures vanquished.

Notes
Turn   | Place    | Note
-------+----------+-------------------------------------------
     0 | D:1      | Crownlay the Gnoll Wanderer began the quest for the Orb.
     0 | D:1      | Crownlay set off with the following items: a +2 hand
                  | crossbow, 25 bolts, a +0 ring mail, a scroll of
                  | teleportation
     0 | D:1      | Reached XP level 1. HP: 26/26 MP: 1/1
    28 | D:1      | Found Faige's Antique Weapon Boutique.
   295 | D:1      | Reached XP level 2. HP: 33/33 MP: 2/2
   703 | D:1      | Found a faded altar of an unknown god.
   801 | D:1      | Became a worshipper of Trog the Wrathful
   801 | D:1      | Reached * piety under Trog
   860 | D:2      | Reached XP level 3. HP: 38/38 MP: 3/3
  1031 | D:2      | Found Pakiciod's Antique Armour Shoppe.
  1033 | D:2      | Noticed Sigmund
  1042 | D:2      | Killed Sigmund
  1043 | D:2      | Reached skill level 1 in Short Blades
  1043 | D:2      | Reached skill level 1 in Long Blades
  1043 | D:2      | Reached skill level 1 in Axes
  1043 | D:2      | Reached skill level 1 in Maces & Flails
  1043 | D:2      | Reached skill level 1 in Polearms
  1043 | D:2      | Reached skill level 1 in Staves
  1043 | D:2      | Reached skill level 1 in Slings
  1043 | D:2      | Reached skill level 1 in Bows
  1043 | D:2      | Reached skill level 1 in Dodging
  1043 | D:2      | Reached skill level 1 in Shields
  1043 | D:2      | Reached skill level 1 in Unarmed Combat
  1043 | D:2      | Reached skill level 1 in Spellcasting
  1043 | D:2      | Reached skill level 1 in Conjurations
  1043 | D:2      | Reached skill level 1 in Hexes
  1043 | D:2      | Reached skill level 1 in Summonings
  1043 | D:2      | Reached skill level 1 in Necromancy
  1043 | D:2      | Reached skill level 1 in Translocations
  1043 | D:2      | Reached skill level 1 in Transmutations
  1043 | D:2      | Reached skill level 1 in Fire Magic
  1043 | D:2      | Reached skill level 1 in Ice Magic
  1043 | D:2      | Reached skill level 1 in Air Magic
  1043 | D:2      | Reached skill level 1 in Earth Magic
  1043 | D:2      | Reached skill level 1 in Poison Magic
  1043 | D:2      | Reached skill level 1 in Invocations
  1043 | D:2      | Reached skill level 1 in Evocations
  1043 | D:2      | Reached XP level 4. HP: 43/45 MP: 4/6
  1043 | D:2      | Reached XP level 5. HP: 49/51 MP: 4/7
  1639 | D:3      | Reached XP level 6. HP: 57/57 MP: 8/8
  1715 | D:3      | Found a broken altar of Ashenzari.
  1989 | D:3      | Reached ** piety under Trog
  2426 | D:4      | Found a transporter.
  2449 | D:4      | Found a transporter.
  2450 | D:4      | Noticed loralnil's ghost (amateur DrEE)
  2811 | D:4      | Noticed a necrophage
  2823 | D:4      | Killed a necrophage
  2860 | D:4      | Reached XP level 7. HP: 63/63 MP: 10/10
  3153 | D:5      | Entered Level 5 of the Dungeon
  3413 | D:5      | Reached skill level 9 in Fighting
  3583 | D:5      | Reached XP level 8. HP: 71/71 MP: 12/12
  3619 | D:5      | Noticed Duvessa
  3631 | D:5      | Killed Duvessa
  3632 | D:5      | Noticed Dowan
  3645 | D:5      | Killed Dowan
  3734 | D:5      | Found a staircase to the Ecumenical Temple.
  3744 | D:5      | Noticed Menkaure
  3749 | D:5      | Killed Menkaure
  4145 | D:5      | Found a runed translucent door.
  4146 | D:5      | Noticed Crazy Yiuf
  4152 | D:5      | Killed Crazy Yiuf
  4755 | D:6      | Reached XP level 9. HP: 55/76 MP: 14/14
  4995 | D:6      | Reached *** piety under Trog
  5193 | D:6      | Reached skill level 5 in Crossbows
  5193 | D:6      | Reached skill level 5 in Throwing
  5267 | D:6      | Noticed Eustachio
  5286 | D:6      | Killed Eustachio
  5291 | D:6      | Reached skill level 5 in Stealth
  5493 | D:6      | Found a burning altar of Makhleb.
  5493 | D:6      | Noticed a green death
  5496 | D:6      | Noticed a hellwing
  5496 | D:6      | Noticed a smoke demon
  5827 | D:6      | Reached skill level 5 in Invocations
  5917 | D:6      | Noticed a death knight
  5950 | D:6      | Mangled by a death knight

Illustrated notes

Levels and vault maps discovered:
D:1:      matt_arrival_los_fun, layout_loops_ring,
          hellmonk_ecumenical_altar_pennies_from_heaven, serial_shops, shop,
          item_on_display_a
D:2:      layout_basic, serial_shops, shop, uniq_sigmund
D:3:      layout_loops_ring, nicolae_ashenzari_skybound, serial_forest,
          infiniplex_forest_lined_4_way, infiniplex_forest_clump_double,
          infiniplex_forest_end_double, infiniplex_forest_clump_C,
          infiniplex_forest_join, infiniplex_forest_lined_3,
          infiniplex_forest_lined_room_3, infiniplex_forest_lined_room_3,
          infiniplex_forest_clump_small, minivault_19
D:4:      layout_loops_ring, gammafunk_ghost_mausoleum, minmay_crystal_room
D:5:      layout_basic, minmay_temple_entry_stoned_glass,
          uniq_crazy_yiuf_cottage, uniq_duvessa, uniq_menkaure
D:6:      minmay_chambers_of_fours, layout_rooms, makhleb_altar_promises_db,
          minmay_misc_feat_encased, hangedman_decor_riveting, uniq_eustachio

Skill      XL: |  1  2  3  4  5  6  7  8  9 |
---------------+----------------------------+-----
Short Blades   | 1 2 3 4 |  4.5
Long Blades    | 1 2 3 4 |  4.5
Axes           | 1 2 3 4 |  4.5
Maces & Flails | 1 2 3 4 |  4.5
Polearms       | 1 2 3 4 |  4.5
Staves         | 1 2 3 4 |  4.5
Slings         | 1 2 3 4 |  4.5
Bows           | 1 2 3 4 |  4.5
Crossbows      | 3 4 5 |  5.3
Throwing       | 3 4 5 |  5.3
Dodging        | 1 2 3 4 |  4.5
Shields        | 1 2 3 4 |  4.5
Unarmed Combat | 1 2 3 4 |  4.5
Spellcasting   | 1 2 3 4 |  4.5
Conjurations   | 1 2 3 |  3.7
Hexes          | 1 2 3 |  3.7
Summonings     | 1 2 3 |  3.7
Necromancy     | 1 2 3 |  3.7
Translocations | 1 2 3 |  3.7
Transmutations | 1 2 3 |  3.7
Fire Magic     | 1 2 3 |  3.7
Ice Magic      | 1 2 3 |  3.7
Air Magic      | 1 2 3 |  3.7
Earth Magic    | 1 2 3 |  3.7
Poison Magic   | 1 2 3 |  3.7
Invocations    | 1 2 3 4 5 |  5.0
Evocations     | 1 2 3 4 |  4.5
Stealth        | 3 4 5 |  5.2
Armour         | 7 8 |  8.0
Fighting       | 9 |  9.7

Action                   |  1- 3 |  4- 6 |  7- 9 || total
-------------------------+-------+-------+-------++-------
Melee: Scythe            |       |       |    98 ||    98
       Bite              |       |       |     7 ||     7
 Fire: Hand crossbow     |    55 |   117 |   175 ||   347
Invok: Trog's Hand       |       |       |     2 ||     2
  Use: Scroll            |       |     1 |     1 ||     2
Armor: Ring mail         |    13 |    34 |   151 ||   198
Dodge: Dodged            |     6 |    17 |   191 ||   214
Block: Other             |       |       |    71 ||    71
       Reflection        |       |       |     2 ||     2
